 Dungeon Crawl Stone Soup version 0.29.1-12-g30fa7ad0bf (webtiles) character file.

Game seed: 16447972509658180795

35 CaptainMV the Conjurer (level 3, -3/26 HPs)
             Began as a Draconian Conjurer on Dec 16, 2022.
             Slain by Jessica
             ... wielding a +1 dagger of electrocution
              (10 damage)
             ... on level 2 of the Dungeon.
             The game lasted 00:08:34 (1178 turns).

CaptainMV the Conjurer (Draconian Conjurer)         Turns: 1178, Time: 00:08:35

Health: -3/26      AC:  6    Str:  9    XL:     3   Next: 16%
Magic:  4/6        EV: 12    Int: 20    God:
Gold:   40         SH:  0    Dex: 15    Spells: 5/6 levels left

rFire   . . .      SeeInvis .   d - +3 falchion
rCold   . . .      Faith    .   (no shield)
rNeg    . . .      Spirit   .   (body armour unavailable)
rPois   .          Reflect  .   (helmet restricted)
rElec   .          Harm     .   (no cloak)
rCorr   .          Rampage  .   c - +0 pair of gloves
Will    .....                   (no boots)
Stlth   ++........              (no amulet)
HPRegen 0.08/turn               h - +6 ring of dexterity
MPRegen 0.10/turn               (no ring)

@: no status effects
A: AC +5, unfitting armour, cold-blooded
a: no special abilities


You were on level 2 of the Dungeon.
You visited 1 branch of the dungeon, and saw 2 of its levels.

You collected 40 gold pieces.

Inventory:

Hand Weapons
 d - a +3 falchion (weapon)
Missiles
 b - 2 boomerangs (quivered)
 e - 8 javelins
Armour
 c - a +0 pair of gloves (worn)
Jewellery
 h - a +6 ring of dexterity (left hand)
Scrolls
 i - a scroll of amnesia {unknown}
 j - a scroll of enchant armour {unknown}
Potions
 a - a potion of magic
 f - a potion of ambrosia {unknown}
 g - a potion of degeneration {unknown}


   Skills:
 + Level 0.2 Fighting
 + Level 0.2 Long Blades
 + Level 2.0 Dodging
 + Level 1.8 Stealth
 + Level 2.0 Spellcasting
 + Level 4.8 Conjurations


You had 5 spell levels left.
You knew the following spells:

 Your Spells              Type           Power      Damage    Failure   Level
a - Magic Dart            Conj           84%        1d7       2%          1

Your spell library contained the following spells:

 Spells                   Type           Power      Damage    Failure   Level
 Searing Ray              Conj           42%        2d6       3%          2
 Conjure Flame            Conj/Fire      11%        6-21      17%         3
 Dazzling Flash           Conj/Hex       22%        N/A       17%         3
 Ignite Poison            Fire/Tmut/Pois 2%         N/A       43%         3
 Fulminant Prism          Conj/Hex       5%         3d7       50%         4
 Iskenderun's Mystic Bla  Conj/Tloc      11%        2d4       50%         4
 Sticky Flame             Conj/Fire      11%        2d3       50%         4


Dungeon Overview and Level Annotations

Branches:
Dungeon (2/15)

Altars:

Annotations:
D:2 Jessica


Innate Abilities, Weirdness & Mutations

Your plain brown scales are hard. (AC +5)
You cannot fit into any form of body armour.
You are cold-blooded and may be slowed by cold attacks.


Message History

The rat closely misses you.
You completely miss the rat.
You tail-slap the rat, but do no damage.
The rat barely misses you.
You slash the rat!
You kill the rat!
You hit the dart slug.
The dart slug is severely wounded.
The dart slug barely misses you.
You slash the dart slug!
You kill the dart slug!
A kobold comes into view. It is wielding a +0 whip.
The kobold shouts!
You hear a shout!
You slash the kobold!
You kill the kobold!
Jessica the Apprentice Sorceress comes into view.
She is wielding a +1 dagger of electrocution.
Found a book of Party Tricks.
Casting: Magic Dart (safe; 2% risk of failure)
Confirm with . or Enter, or press ? or * to list all spells.
Aiming: Magic Dart (safe; 2% risk of failure)
Press: ? - help, Shift-Dir - straight line, f - Jessica
Aim: Jessica, wielding a +1 dagger of electrocution and wearing a +0 robe (100% to hit)
The magic dart hits Jessica but does no damage.
Casting: Magic Dart (safe; 2% risk of failure)
Confirm with . or Enter, or press ? or * to list all spells.
Aiming: Magic Dart (safe; 2% risk of failure)
Press: ? - help, Shift-Dir - straight line, f/p - Jessica
Aim: Jessica, wielding a +1 dagger of electrocution and wearing a +0 robe (100% to hit)
The magic dart hits Jessica.
Jessica is heavily wounded.
You closely miss Jessica.
Jessica is heavily wounded.
Jessica hits you but does no damage.
You are electrocuted!
Ouch! That really hurt!
You closely miss Jessica.
Jessica is heavily wounded.
Jessica hits you with a +1 dagger of electrocution.
* * * LOW HITPOINT WARNING * * *
You are electrocuted!
You die...

###. #.# .... #.# ..# ..
........ ..#... <..#.#.#
..#...
...#.#.###########......
...#.#.##...............
.....#.##...............
#.<..#.##)..............
................@@....:.
.......###########.....#
#.........# ....#
..#.#####.# ...# #.#.# #
..# #.#.# .. #.#.# #
#.#.# #.#.#


You could see Jessica.

Vanquished Creatures
  2 dart slugs
  4 endoplasms (D:1)
  A giant cockroach (D:1)
  3 goblins (D:1)
  2 hobgoblins (D:1)
  8 kobolds
  2 ball pythons (D:1)
  2 bats (D:1)
  2 frilled lizards (D:1)
  3 rats
29 creatures vanquished.

Notes
Turn   | Place    | Note
-------+----------+-------------------------------------------
     0 | D:1      | CaptainMV the Draconian Conjurer began the quest for the
                  | Orb.
     0 | D:1      | Reached XP level 1. HP: 14/14 MP: 3/3
   126 | D:1      | Reached XP level 2. HP: 20/20 MP: 3/5
   582 | D:1      | Reached XP level 3. HP: 26/26 MP: 2/6
  1172 | D:2      | Noticed Jessica
  1178 | D:2      | Slain by Jessica

Illustrated notes

Levels and vault maps discovered:
D:1:      minmay_arrival_radiant_lines, layout_basic
D:2:      layout_basic, grunt_ministairs_3, uniq_jessica, uniq_natasha

Skill      XL: |  1  2 |
---------------+-------+-----
Dodging        | 2 |  2.0
Fighting       | |  0.2
Long Blades    | |  0.2
Stealth        | |  1.8
Spellcasting   | |  2.0
Conjurations   | |  4.8

Action                   || total
-------------------------++-------
Melee: Falchion          ||    32
       Unarmed           ||     2
       Punch             ||     1
       Tailslap          ||     3
Throw: Boomerang         ||     3
 Cast: Magic Dart        ||    31
 Stab: Sleeping          ||     1
Armor: Skin              ||    13
Dodge: Dodged            ||    26
